 Dungeon Crawl Stone Soup version 0.31-a0-360-gb3e1d13bf4 (webtiles) character file.

Game seed: 7135582692585769757

1763929 Flugkiller the Slayer (level 23, 226/226 HPs)
             Began as a Demigod Shapeshifter on July 26, 2023.
             Escaped with the Orb
             ... and 3 runes!
             The game lasted 01:07:55 (58980 turns).

Flugkiller the Slayer (Demigod Shapeshifter)       Turns: 58980, Time: 01:07:55

Health: 226/226    AC: 19    Str: 43      XL:     23   Next: 86%
Magic:  27/27      EV: 45    Int:  8 (10) God:
Gold:   1606       SH:  0    Dex: 22      Spells: 22/22 levels left

rFire   + .          .
                       - Unarmed
rCold   . . .        (shield currently unavailable)
rNeg    . . .        (body armour currently unavailable)
rPois   ∞            (helmet currently unavailable)
rElec   +            (cloak currently unavailable)
rCorr   .            (gloves currently unavailable)
SInv    .            (boots currently unavailable)
Will    +++..        v - amulet of guardian spirit
Stlth   +            p - +4 ring of protection
HPRegen 0.57/turn    R - ring "Jipodd" {rF+ Will+ Str+7}
MPRegen 0.20/turn

%: guardian spirit
@: storm-form, flying, studying 2 skills
A: cleaving, insubstantial, flying, high MP 1, forlorn, divine attributes
0: Orb of Zot
}: 3/15 runes: barnacled, silver, gossamer
a: Blinkbolt, Begin Untransformation


You escaped.
You were a lightning-filled tempest!
You visited 8 branches of the dungeon, and saw 44 of its levels.
You visited the Abyss 1 time.
You visited 1 bazaar.
You also visited: Gauntlet, Volcano and Wizlab.

You collected 5481 gold pieces.
You spent 3875 gold pieces at shops.

Inventory:

Missiles
 a - 10 throwing nets
 k - 4 curare-tipped darts
Jewellery
 i - a ring of see invisible
   (You found it on level 13 of the Dungeon)
 j - a +4 ring of slaying
   (You found it on level 1 of the Lair of Beasts)
 p - a +4 ring of protection (left fist)
   (You found it on level 6 of the Dungeon)
 v - an amulet of guardian spirit (around neck)
   (You took it off a minotaur in a Gauntlet)
 x - a +4 ring of protection
   (You found it on level 2 of the Vaults)
 B - the ring "Wirodef" {rElec rC+}
   (You found it on level 5 of the Vaults)

   [ring of protection from cold]

   rC:        It protects you from cold.
   rElec:     It insulates you from electricity.
 D - a ring of fire
   (You found it on level 2 of the Dungeon)
 R - the ring "Jipodd" (right fist) {rF+ Will+ Str+7}
   (You bought it in a shop on level 3 of the Depths)

   [ring of protection from fire]

   Str:       It affects your strength (+7).
   rF:        It protects you from fire.
   Will:      It increases your willpower.
 S - the ring "Tiphum" {rPois rN+ Will+ Int-2 Dex+6}
   (You found it on level 5 of the Realm of Zot)

   [ring of dexterity]

   Int:       It affects your intelligence (-2).
   Dex:       It affects your dexterity (+6).
   rPois:     It protects you from poison.
   rN:        It protects you from negative energy.
   Will:      It increases your willpower.
 T - the amulet of the Salmon {Spirit Fly rCorr Int-3}
   (You found it on level 5 of the Realm of Zot)

   [amulet of guardian spirit]

   It causes incoming damage to be divided between your reserves of health and
   magic.
   Int:       It affects your intelligence (-3).
   Fly:       It grants you flight.
   rCorr:     It protects you from acid and corrosion.
Talismans
 O - a storm talisman
   (You found it on level 3 of the Dungeon)
Wands
 g - a wand of digging (25)
   (You found it on level 12 of the Dungeon)
 r - a wand of mindburst (10)
   (You found it on level 1 of the Vaults)
 F - a wand of iceblast (24)
   (You bought it in a shop on level 7 of the Dungeon)
 M - a wand of acid (23)
   (You took it off Maurice on level 9 of the Dungeon)
 Q - a wand of paralysis (49)
   (You found it on level 2 of the Shoals)
Scrolls
 e - 14 scrolls of fear
 f - 2 scrolls of silence
 l - 15 scrolls of fog
 t - 19 scrolls of teleportation
 u - 4 scrolls of revelation
 y - 2 scrolls of summoning
 z - 9 scrolls of blinking
 C - 5 scrolls of vulnerability
 E - 3 scrolls of torment
 I - 6 scrolls of immolation
 L - 12 scrolls of poison
Potions
 b - 10 potions of lignification
 d - 6 potions of might
 h - 11 potions of haste
 m - 2 potions of magic
 n - 9 potions of resistance
 o - 8 potions of brilliance
 q - 15 potions of curing
 s - 3 potions of berserk rage
 w - 3 potions of heal wounds
 A - 4 potions of attraction
 G - 6 potions of mutation
 H - 6 potions of ambrosia
 K - 4 potions of cancellation
 N - 6 potions of invisibility
 P - 4 potions of enlightenment
Miscellaneous
 J - a condenser vane
   (You found it on level 2 of the Lair of Beasts)


   Skills:
 + Level 23.0 Fighting
 - Level 15.0 Dodging
 + Level 23.0 Unarmed Combat
 - Level 4.0 Evocations
 - Level 22.1 Shapeshifting


You had 22 spell levels left.
You didn't know any spells.
Your spell library contained the following spells:

 Spells                   Type           Power      Damage    Failure   Level
 Foxfire                  Conj/Fire      0%         2x1d4     41%         1
 Kiss of Death            Conj/Necr      0%         2d5       41%         1
 Magic Dart               Conj           0%         1d3       41%         1
 Sandblast                Erth           0%         2d4       41%         1
 Shock                    Conj/Air       0%         1d3       41%         1
 Sting                    Tmut/Pois      0%         1d3       41%         1
 Summon Small Mammal      Summ           0%         N/A       41%         1
 Blink                    Tloc           0%         N/A       54%         2
 Cigotuvi's Dreadful Rot  Necr/Pois/Air  0%         N/A       54%         2
 Lesser Beckoning         Tloc           0%         N/A       54%         2
 Momentum Strike          Conj/Tloc      0%         3d8       54%         2
 Poisonous Vapours        Pois/Air       0%         N/A       54%         2
 Scorch                   Fire           0%         2d5       54%         2
 Searing Ray              Conj           0%         2d4       54%         2
 Static Discharge         Conj/Air       0%         2-2/arc   54%         2
 Wereblood                Tmut           0%         N/A       54%         2
 Call Canine Familiar     Summ           0%         N/A       78%         3
 Confusing Touch          Hex            0%         N/A       78%         3
 Dazzling Flash           Conj/Hex       0%         N/A       78%         3
 Gell's Gravitas          Tloc           0%         N/A       78%         3
 Hailstorm                Conj/Ice       0%         3d3       78%         3
 Ignite Poison            Fire/Tmut/Pois 0%         N/A       78%         3
 Mephitic Cloud           Conj/Pois/Air  0%         N/A       78%         3
 Ozocubu's Armour         Ice            0%         N/A       78%         3
 Portal Projectile        Hex/Tloc       0%         N/A       78%         3
 Summon Guardian Golem    Hex/Summ       0%         N/A       78%         3
 Teleport Other           Tloc           0%         N/A       78%         3
 Tukima's Dance           Hex            0%         N/A       78%         3
 Volatile Blastmotes      Fire/Tloc      0%         2d10      78%         3
 Airstrike                Air            0%         2d(0-16)  99%         4
 Cause Fear               Hex            0%         N/A       99%         4
 Dispel Undead            Necr           0%         3d6       99%         4
 Flame Wave               Conj/Fire      0%         2d4       99%         4
 Fulminant Prism          Conj/Hex       0%         3d5       99%         4
 Iskenderun's Mystic Bla  Conj/Tloc      0%         2d3       99%         4
 Leda's Liquefaction      Hex/Erth       0%         N/A       99%         4
 Manifold Assault         Tloc           0%         N/A       99%         4
 Passage of Golubria      Tloc           0%         N/A       99%         4
 Sticky Flame             Conj/Fire      0%         2d3       99%         4
 Summon Ice Beast         Ice/Summ       0%         N/A       99%         4
 Summon Lightning Spire   Summ/Air       0%         N/A       99%         4
 Arcjolt                  Conj/Air       0%         1d10      100%        5
 Freezing Cloud           Conj/Ice/Air   0%         6-21      100%        5
 Irradiate                Conj/Tmut      0%         3d11      100%        5
 Iskenderun's Battlesphe  Conj           0%         2d6       100%        5
 Silence                  Hex/Air        0%         N/A       100%        5
 Death Channel            Necr           0%         N/A       100%        6
 Dispersal                Tloc           0%         N/A       100%        6
 Plasma Beam              Fire/Air       0%         2x1d10    100%        6
 Simulacrum               Ice/Necr       0%         N/A       100%        6
 Starburst                Conj/Fire      0%         6d3       100%        6
 Summon Cactus Giant      Summ           0%         N/A       100%        6
 Enfeeble                 Hex            0%         N/A       100%        7
 Malign Gateway           Summ/Tloc      0%         N/A       100%        7
 Ozocubu's Refrigeration  Ice            0%         4d7       100%        7
 Disjunction              Tloc           0%         N/A       100%        8
 Ignition                 Fire           0%         3d3       100%        8
 Lehudib's Crystal Spear  Conj/Erth      0%         10d2      100%        8
 Maxwell's Capacitive Co  Air            0%         ∞         100%        8
 Summon Horrible Things   Summ           0%         N/A       100%        8
 Chain Lightning          Conj/Air       0%         N/A       100%        9
 Fire Storm               Conj/Fire      0%         5d1       100%        9
 Shatter                  Erth           0%         3d5*      100%        9


Dungeon Overview and Level Annotations

Branches:
Dungeon (15/15)            Temple (0/1) D:7            Lair (5/5) D:8
 Shoals (4/4) Lair:3       Spider (4/4) Lair:3        Slime (0/5) Lair:5
    Orc (2/2) D:11            Elf (0/3) Orc:2        Vaults (5/5) D:14
  Crypt (0/3) Vaults:3     Depths (4/4) D:15            Zot (5/5) Depths:4
Volcano (visited)          WizLab (visited)         Gauntlet (visited)

Shops:
D:6 :   D:7 **   D:8 (:?([   D:9 ?   D:15 (   Orc:1 (   Orc:2 =:[*(
Shoals:1 ?   Shoals:2 *   Shoals:4 :   Vaults:1 :   Vaults:5 !??!!?
Depths:1 [!   Depths:3 (=::

Portals:
Hell: Depths:1 Depths:2 Depths:3 Depths:4
Abyss: Shoals:1 Depths:3
Pandemonium: Depths:2
Ziggurat: Depths:4

Annotations:
D:6 2 transporters, Shym's ghost, amateur TeAE
D:7 1 runed translucent door, Crazy Yiuf
D:12 1 runed translucent door, exclusion: orange crystal statue
D:15 3 runed translucent doors, Koud Lun's ghost, adept DjCj
Shoals:1 1 runed translucent door
Spider:1 Roxanne


Innate Abilities, Weirdness & Mutations

You are a lightning-filled tempest!
Your electrical attacks strike out in all directions at once.
You are incredibly evasive.
Your insubstantial body is immune to petrification, constriction, and being set on fire You are flying.
Your armour is entirely melded.
You are incapable of wielding weapons or throwing items.
You are immune to poison.
You have an increased reservoir of magic. (+10% MP)
You shall have no god before yourself.
Your divine heritage dramatically boosts your attributes as you level up.


Message History

(Z) Zot
Where to? (Enter - D:1 @ (x,y), ? - help)
A glowing orange brain comes into view.
There is a stone staircase leading up here.
You fly upwards.
Level annotation: 2 transporters, Shym's ghost, amateur TeAE
There is a stone staircase leading down here.
(D) Dungeon (T) Temple (L) Lair (A) Shoals (N) Spider Nest (M) Slime Pits (O) Orcish Mines (E) Elven Halls (V) Vaults (C) Crypt (U) Depths (H) Hell (Z) Zot
Where to? (Enter - D:1 @ (x,y), ? - help)
There is an open door here.
There is a stone staircase leading up here.
You fly upwards.
Your extra speed is starting to run out.
There is a stone staircase leading down here.
There is a stone staircase leading up here.
You fly upwards.
There is a stone staircase leading down here.
An Orb Guardian comes into view.
You feel yourself slow down.
You blast the Orb Guardian!!!
The Orb Guardian is heavily wounded.
The Orb Guardian completely misses you.
You blast the Orb Guardian!!!!
Lightning courses through the Orb Guardian!
You kill the Orb Guardian!
You feel a little less agile now.
No target in view!
(D) Dungeon (T) Temple (L) Lair (A) Shoals (N) Spider Nest (M) Slime Pits (O) Orcish Mines (E) Elven Halls (V) Vaults (C) Crypt (U) Depths (H) Hell (Z) Zot
Where to? (Enter - D:1 @ (x,y), ? - help)
You feel a little less mighty now.
There is a stone staircase leading up, spattered with blood here.
You fly upwards.
There is a stone staircase leading down here.
An Orb Guardian comes into view.
The Orb Guardian completely misses you.
You miss the Orb Guardian. The Orb Guardian completely misses you.
You barely miss the Orb Guardian. Your punch misses the Orb Guardian.
The Orb Guardian barely misses you.
You miss the Orb Guardian. You miss the Orb Guardian.
The Orb Guardian hits you but does no damage.
You closely miss the Orb Guardian. You punch the Orb Guardian!
The Orb Guardian is lightly wounded.
The Orb Guardian completely misses you.
You barely miss the Orb Guardian.
The Orb Guardian is lightly wounded.
The Orb Guardian closely misses you.
You barely miss the Orb Guardian. You punch the Orb Guardian!!
The Orb Guardian is heavily wounded.
The Orb Guardian completely misses you.
You hit the Orb Guardian.
The Orb Guardian is heavily wounded.
You blast the Orb Guardian!!!
You kill the Orb Guardian!
(D) Dungeon (T) Temple (L) Lair (A) Shoals (N) Spider Nest (M) Slime Pits (O) Orcish Mines (E) Elven Halls (V) Vaults (C) Crypt (U) Depths (H) Hell (Z) Zot
Where to? (Enter - D:1 @ (x,y), ? - help)
A green death comes into view.
There is a stone staircase leading up here.
The green death gestures at you. The poison arrow misses you.
You fly upwards.
The ball python hisses angrily.
There is a stone staircase leading down here.
(D) Dungeon (T) Temple (L) Lair (A) Shoals (N) Spider Nest (M) Slime Pits (O) Orcish Mines (E) Elven Halls (V) Vaults (C) Crypt (U) Depths (H) Hell (Z) Zot
Where to? (Enter - D:1 @ (x,y), ? - help)
Okay, then.
You batter the ball python!!
You kill the ball python!
You see here a ball python corpse.
There is a stone staircase leading up here.
You see here 2 potions of degeneration.
You fly upwards.
There is a stone staircase leading down here.
(D) Dungeon (T) Temple (L) Lair (A) Shoals (N) Spider Nest (M) Slime Pits (O) Orcish Mines (E) Elven Halls (V) Vaults (C) Crypt (U) Depths (H) Hell (Z) Zot
Where to? (Enter - D:1 @ (x,y), ? - help)
There is a staircase leading out of the dungeon here.
Enter note: gg You are a lightning-filled tempest!
You are flying.
You are studying Dodging and Shields.
Your flying speed is average.
Your attack delay is about 0.5.
Your damage rating with unarmed combat is about 133 (Base [30 + 23 (UC)] x 182% (Str) x 138% (Fight)).
Your base attributes are Str 36, Int 10, Dex 22.
Enter note: 133 base damage HP restored.
You have escaped! #_# ##.PPPPPPPPP..PPPP# ##.###..PPPPPPPPP.PPPPP#

##...##..PPPPP.....PPPPP#
#...P.#..PPP..PPPPP..PPP###
#.....#..PP..PP...PPP.PP..#
#.....#..PP.PP.PPP.PP.PP.>#
#..PP.#....PP.PP.PP.PP.P..#
###'###..P.P.PP.P.PP.P.P..#
#.....#PvP.P.PPP.P.P....#
#######P.P.PP.P.PP.P.P#..


#P.PP.PP.PP.PP.P### #P..PP.PPP.PP.PP# #...PPP...PPP.PP# ##..P..PPPPP..PPP#
###.PPPPP)....PPPPP# #...PPPPPPPPPPPPPPP# #.#.PPPPPPPPPPPPPPP# There were no
monsters in sight!

Vanquished Creatures
  4 dread liches
  Tiamat (Zot:1)
  3 ancient liches
  4 orbs of fire
  Vv (Zot:3)
  Parghit (Zot:3)
  Saint Roka (Vaults:1)
  Bai Suzhen (Vaults:3)
  4 Killer Klowns (Zot:5)
  A curse toe (Zot:5)
  Nikola (Spider:1)
  15 golden dragons
  A Tzitzimitl (Depths:4)
  A bone dragon (Depths:4)
  2 electric golems (Zot:5)
  7 tentacled monstrosities
  Rupert (D:12)
  A lich (Depths:1)
  27 Orb Guardians
  A deep elf blademaster (Depths:2)
  Mlioglotl (Shoals:3)
  A pandemonium lord (D:8)
  7 titans (Vaults:5)
  7 quicksilver dragons
  A deep elf master archer (Depths:2)
  Polyphemus (Shoals:2)
  11 death cobs
  An Executioner (D:8)
  5 shadow dragons
  7 sphinxes
  10 tengu reavers
  Agnes (D:14)
  2 krakens
  Donald (Vaults:2)
  9 storm dragons
  4 draconian monks
  A nagaraja (WizLab)
  4 fire giants
  6 draconian knights
  3 iron dragons
  4 emperor scorpions
  7 draconian scorchers
  6 deep elf sorcerers
  9 ghost moths
  9 frost giants
  6 war gargoyles
  9 draconian shifters
  A deep elf elementalist (Depths:2)
  A balrug (D:15)
  14 ironbound preservers
  3 demonspawn corrupters (WizLab)
  2 orc warlords
  A spriggan defender (Depths:4)
  4 draconian stormcallers
  A demonspawn blood saint (D:14)
  A caustic shrike skeleton (Depths:1)
  14 vault wardens
  7 very ugly things
  11 draconian annihilators
  16 stone giants
  4 broodmothers
  A formless jellyfish (Vaults:2)
  15 green draconians
  A vampire knight (Depths:4)
  18 black draconians
  Nessos (Lair:4)
  2 elemental wellsprings (Depths:3)
  A lorocyproca (D:8)
  3 eleionomae (Depths:3)
  5 ironbound thunderhulks
  7 dire elephants (Vaults:2)
  8 yellow draconians
  9 deep elf annihilators
  17 red draconians
  13 purple draconians
  A minotaur (Gauntlet)
  22 spark wasps
  21 white draconians
  A crystal guardian (Vaults:2)
  5 deep elf death magi
  2 fire dragons
  13 ettins
  5 merfolk impalers
  8 yaktaur captains
  7 merfolk javelineers
  5 entropy weavers
  3 deep elf high priests
  A blizzard demon (Depths:4)
  8 great orbs of eyes
  3 rakshasas
  Harold (D:11)
  Erolcha (D:9)
  3 peacekeepers
  4 salamander tyrants
  27 vault guards
  4 hydras
  5 ice dragons
  3 ironbound frosthearts
  2 juggernaut simulacra (Depths:2)
  5 spriggan air magi
  6 catoblepae
  A hell beast (Depths:2)
  4 merfolk avatars
  Erica (D:10)
  10 boulder beetles
  An anaconda (shapeshifter) (Depths:2)
  2 jorogumos
  6 merfolk aquamancers
  7 two-headed ogres
  4 satyrs
  15 death yaks
  2 alligator snapping turtles
  4 radroaches
  10 centaur warriors
  6 deep troll shamans
  2 tengu warriors
  A hell hog (Gauntlet)
  7 demonic crawlers
  2 dancing weapons
  An orc high priest (Orc:2)
  10 deep troll earth magi
  A vampire mage (Vaults:3)
  8 iron trolls
  2 skysharks (Lair:5)
  3 hell knights
  3 spriggan berserkers
  A sun demon (Depths:4)
  A shadow wraith (Vaults:4)
  4 sun moths
  A sixfirhy (Depths:4)
  6 pharaoh ants
  4 skeletal warriors
  5 spriggan druids
  8 orb spiders
  10 sea snakes
  4 glowing orange brains
  A flayed ghost (Depths:4)
  44 deep trolls
  A deep elf archer (Vaults:5)
  An orange crystal statue (Zot:5)
  A lindwurm (shapeshifter) (Depths:4)
  7 wizards
  Pikel (D:9)
  4 phantasmal warriors (Vaults:5)
  18 ironbound convokers
  15 steelbarb worms
  3 lindwurms
  27 ugly things
  A swamp dragon (WizLab)
  3 deep elf pyromancers
  6 orc knights
  18 harpies
  4 necromancers
  A sphinx zombie (Depths:1)
  A stone giant zombie (Depths:1)
  26 wolf spiders
  21 manticores
  4 orc sorcerers
  14 fauns
  A salamander (Volcano)
  34 moths of wrath
  A salamander (shapeshifter) (Vaults:5)
  A worldbinder (WizLab)
  6 cyclopes
  7 centaur zombies (D:15)
  3 elephants (Lair:2)
  20 merfolk sirens
  Maurice (D:9)
  2 apocalypse crabs (Shoals:1)
  10 water nymphs
  6 black mambas
  A gargoyle (D:11)
  12 vault sentinels
  An orange demon (D:8)
  5 torpor snails
  19 cane toads
  6 unseen horrors (Depths:3)
  5 rime drakes
  An efreet (Zot:4)
  3 freezing wraiths
  25 yaktaurs
  A tengu conjurer (Depths:4)
  Maggie (D:8)
  6 komodo dragons
  3 dryads (Depths:3)
  A golden dragon simulacrum (Depths:1)
  18 merfolk
  3 ice devils
  11 trolls
  2 red devils
  9 meliai
  A wind drake (shapeshifter) (Vaults:5)
  A hornet (Depths:4)
  5 wind drakes
  A tyrant leech (shapeshifter) (Depths:2)
  20 tarantellas
  4 polar bears
  16 blink frogs
  4 dream sheep
  4 large abominations (Depths:3)
  36 slime creatures
  5 snapping turtles
  2 spriggans
  Sigmund (D:2)
  20 jumping spiders
  2 shadows (D:15)
  7 wyverns
  26 yaks
  A ynoxinul (D:8)
  Eustachio (D:5)
  7 water elementals
  5 wraiths
  24 culicivoras
  3 vampires
  6 fire bats
  21 fire elementals (Zot:4)
  2 steam dragons
  A hog (shapeshifter) (D:14)
  A neqoxec (D:9)
  2 chaos spawn (Depths:3)
  3 golden eyes (WizLab)
  2 basilisks
  Grum (D:8)
  A steam dragon (shapeshifter) (D:15)
  2 vampire mosquitoes (D:10)
  46 redbacks
  2 wargs (Orc:2)
  An acid dragon (D:10)
  3 hell hounds
  25 water moccasins
  A floating eye (Depths:3)
  21 orc warriors
  A black bear (D:7)
  An ice beast (D:6)
  2 sky beasts (D:7)
  3 ogres
  15 wolves
  17 centaurs
  A kobold brigand (D:10)
  Blork the orc (Orc:2)
  9 bullfrogs
  2 gnoll sergeants
  A two-headed ogre simulacrum (Lair:3)
  5 scorpions
  5 wights
  An elephant simulacrum (Lair:3)
  A vampire bat (Lair:2)
  2 howler monkeys (D:9)
  3 small abominations (Depths:3)
  2 electric eels (Lair:2)
  13 orc priests
  3 hounds
  A jelly (D:5)
  2 gnoll boudas
  3 sleepcaps
  3 iguanas
  Jessica (D:3)
  18 orc wizards
  2 spriggan simulacra (Lair:3)
  4 hell rats (Lair:2)
  A wolf simulacrum (Lair:3)
  20 gnolls
  10 adders
  5 white imps
  An ufetubus (D:3)
  2 worms
  5 dart slugs
  48 orcs
  12 bats
  4 endoplasms
  7 goblins
  8 hobgoblins
  3 jackals (D:2)
  A jackal (shapeshifter) (D:15)
  5 quokkas
  7 ball pythons
  5 frilled lizards
  10 kobolds
  2 rats
  4 tentacles (Shoals:4)
1781 creatures vanquished.

Vanquished Creatures (collateral kills)
  A hydra (Lair:5)
1 creature vanquished.

Vanquished Creatures (others)
  A merfolk aquamancer (Shoals:3)
  A wizard (WizLab)
  A tarantella (Spider:4)
  A merfolk (Shoals:4)
  2 hell rats (Lair:2)
  27 tentacles
33 creatures vanquished.

Grand Total: 1815 creatures vanquished

Notes
Turn   | Place    | Note
-------+----------+-------------------------------------------
     0 | D:1      | Flugkiller the Demigod Shapeshifter began the quest for the
                  | Orb.
     0 | D:1      | Reached XP level 1. HP: 15/15 MP: 3/3
    92 | D:1      | Reached skill level 1 in Fighting
   255 | D:1      | Reached XP level 2. HP: 19/23 MP: 4/4
   923 | D:2      | Noticed Sigmund
   936 | D:2      | Killed Sigmund
   937 | D:2      | Reached XP level 3. HP: 16/31 MP: 5/5
   937 | D:2      | Reached XP level 4. HP: 20/38 MP: 6/6
   937 | D:2      | Reached XP level 5. HP: 23/45 MP: 7/7
  1732 | D:3      | Noticed Jessica
  1740 | D:3      | Killed Jessica
  2491 | D:3      | Reached XP level 6. HP: 39/52 MP: 8/8
  2782 | D:4      | Reached skill level 5 in Unarmed Combat
  3009 | D:4      | You fall into a shaft and drop 1 floor!
  3009 | D:5      | Entered Level 5 of the Dungeon
  3207 | D:5      | Noticed Eustachio
  3796 | D:4      | Reached skill level 5 in Fighting
  3796 | D:4      | Reached XP level 7. HP: 44/61 MP: 9/9
  4295 | D:5      | Killed Eustachio
  5303 | D:6      | Reached XP level 8. HP: 54/70 MP: 10/10
  5708 | D:6      | Reached skill level 5 in Shapeshifting
  5943 | D:6      | Found Udeyfysm's Tiny Tomes.
  6047 | D:6      | Noticed Shym's ghost (amateur TeAE)
  6048 | D:6      | Found a transporter.
  6048 | D:6      | Found a transporter.
  6050 | D:6      | Identified the +7 great mace "Ricef" {freeze, Fly Str+3
                  | Int+4}
  6050 | D:6      | Noticed a two-headed ogre
  6187 | D:7      | Identified the +3 leather armour "Torekh" {-Cast rF+ rC+}
  6243 | D:7      | Found Othethis's General Store.
  6247 | D:7      | Found Qoagad's Specific Store.
  6255 | D:7      | Bought a scroll of identify for 30 gold pieces
  6255 | D:7      | Bought a wand of iceblast (2) for 72 gold pieces
  6255 | D:7      | Bought a scroll of fog for 60 gold pieces
  6639 | D:7      | Found a staircase to the Ecumenical Temple.
  7203 | D:7      | Found a runed translucent door.
  7204 | D:7      | Noticed Crazy Yiuf
  7391 | D:8      | Noticed Grum
  7401 | D:7      | Reached XP level 9. HP: 68/75 MP: 11/11
  8055 | D:8      | Killed Grum
  8180 | D:8      | Noticed a death yak
  8313 | D:7      | Killed a death yak
  8549 | D:8      | Found Emnerr's Antique Weapon Shop.
  8582 | D:8      | Found Lomiuff's Armour Emporium.
  8618 | D:8      | Found Ylashrem's Book Shoppe.
  8622 | D:8      | Noticed Maggie
  8635 | D:8      | Killed Maggie
  8726 | D:8      | Noticed a death yak
  8727 | D:8      | Found a staircase to the Lair.
  8727 | D:8      | Noticed a death yak
  8735 | D:8      | Noticed a death yak
  8740 | D:8      | Killed a death yak
  8741 | D:8      | Reached XP level 10. HP: 61/83 MP: 13/13
  8865 | D:7      | Killed a death yak
  8911 | D:8      | Killed a death yak
  8912 | D:8      | Reached skill level 10 in Shapeshifting
  9005 | D:8      | Found Koppinid's Weapon Boutique.
  9277 | D:8      | Found Wijico's Magic Scroll Shop.
  9614 | D:9      | Noticed Erolcha
  9623 | D:9      | Killed Erolcha
  9784 | D:9      | Noticed Pikel
  9795 | D:9      | Killed Pikel
  9809 | D:9      | Found Xiuhinn's Magic Scroll Boutique.
  9838 | D:9      | Bought a scroll of vulnerability for 56 gold pieces
  9838 | D:9      | Bought a scroll of identify for 28 gold pieces
 10015 | D:9      | Noticed Maurice
 10022 | D:9      | Killed Maurice
 10207 | D:10     | Entered Level 10 of the Dungeon
 10208 | D:10     | Noticed a two-headed ogre
 10214 | D:10     | Killed a two-headed ogre
 10215 | D:10     | Reached XP level 11. HP: 93/93 MP: 14/14
 10301 | D:10     | Reached skill level 5 in Dodging
 10446 | D:10     | Noticed a two-headed ogre
 10449 | D:10     | Noticed Erica
 10453 | D:10     | Killed a two-headed ogre
 10465 | D:10     | Killed Erica
 11173 | D:11     | Found a gate leading to a gauntlet.
 11185 | Gauntlet | Entered a Gauntlet
 11185 | Gauntlet | Found a transporter.
 11185 | Gauntlet | Found a transporter.
 11189 | Gauntlet | Found a transporter.
 11189 | Gauntlet | Found a transporter.
 11189 | Gauntlet | Noticed a wizard
 11193 | Gauntlet | Noticed a wizard
 11198 | Gauntlet | Found a transporter.
 11202 | Gauntlet | Found a large runed translucent door.
 11206 | Gauntlet | Noticed a fire crab
 11211 | Gauntlet | Found a transporter.
 11211 | Gauntlet | Found a transporter.
 11221 | Gauntlet | Found a transporter.
 11221 | Gauntlet | Found a transporter.
 11221 | Gauntlet | Noticed a hell hog
 11221 | Gauntlet | Noticed an entropy weaver
 11252 | Gauntlet | Found a transporter.
 11264 | Gauntlet | Found a transporter.
 11284 | Gauntlet | Found a transporter.
 11318 | Gauntlet | Found a transporter.
 11320 | Gauntlet | Found a large runed translucent door.
 11320 | Gauntlet | Found a large runed translucent door.
 11321 | Gauntlet | Found a large runed translucent door.
 11321 | Gauntlet | Found a large runed translucent door.
 11322 | Gauntlet | Found a runed translucent door.
 11322 | Gauntlet | Found a large runed translucent door.
 11322 | Gauntlet | Found a runed translucent door.
 11322 | Gauntlet | Found a large runed translucent door.
 11322 | Gauntlet | Found a large runed translucent door.
 11323 | Gauntlet | Found a large runed translucent door.
 11323 | Gauntlet | Found a large runed translucent door.
 11326 | Gauntlet | Found a large runed translucent door.
 11326 | Gauntlet | Found a large runed translucent door.
 11328 | Gauntlet | Found a large runed translucent door.
 11328 | Gauntlet | Found a large runed translucent door.
 11328 | Gauntlet | Found a large runed translucent door.
 11330 | Gauntlet | Found a runed translucent gate.
 11330 | Gauntlet | Found a runed translucent gate.
 11330 | Gauntlet | Found a runed translucent gate.
 11332 | Gauntlet | Found a transporter.
 11332 | Gauntlet | Noticed a necromancer
 11343 | Gauntlet | Found a large runed translucent door.
 11432 | Gauntlet | Found a transporter.
 11436 | Gauntlet | Noticed a necromancer
 11448 | Gauntlet | Found a transporter.
 11604 | Gauntlet | Killed a necromancer
 11862 | Gauntlet | Killed a hell hog
 12020 | Gauntlet | Identified the +6 trident of the Extremes {holy, Drain
                  | Fragile Int+8 Stlth+}
 12075 | Gauntlet | Identified the +4 sling of Expedience {freeze, Str+3 Int+3}
 12075 | Gauntlet | Noticed a minotaur
 12087 | Gauntlet | Killed a minotaur
 12275 | Gauntlet | Identified the +0 hat of the Hecatoncheires {Str+4}
 12278 | Gauntlet | Identified the +1 robe of the Arena {Int+2}
 12314 | D:11     | Noticed Harold
 12331 | D:11     | Killed Harold
 12811 | D:11     | Found a staircase to the Orcish Mines.
 12959 | Lair:1   | Entered Level 1 of the Lair of Beasts
 13274 | Lair:1   | Reached XP level 12. HP: 105/105 MP: 15/15
 13800 | Lair:2   | Reached skill level 10 in Unarmed Combat
 14067 | Lair:2   | Noticed a catoblepas
 14074 | Lair:2   | Killed a catoblepas
 14075 | Lair:2   | Reached skill level 10 in Fighting
 14181 | Lair:2   | You fall into a shaft and drop 1 floor!
 14206 | Lair:3   | Found a hole to the Spider Nest.
 14249 | Lair:3   | Noticed a seven-headed hydra
 14256 | Lair:3   | Killed a seven-headed hydra
 14553 | Lair:3   | Reached skill level 10 in Dodging
 14560 | Lair:3   | Found a staircase to the Shoals.
 15066 | Lair:3   | Noticed an ice dragon
 16242 | Lair:2   | Found the +8 whip "Snakebite" {venom, curare, rPois}
 16788 | Lair:2   | Killed an ice dragon
 16789 | Lair:2   | Reached XP level 13. HP: 95/113 MP: 16/16
 17997 | Lair:4   | Noticed Nessos
 18011 | Lair:4   | Killed Nessos
 18838 | Lair:5   | Entered Level 5 of the Lair of Beasts
 19529 | Lair:5   | Identified the +3 leather armour "Penajur" {rN+}
 19700 | Lair:5   | Found a staircase to the Slime Pits.
 20837 | Lair:5   | Reached XP level 14. HP: 52/121 MP: 17/17
 21911 | D:12     | Found a runed translucent door.
 21946 | D:12     | Noticed Rupert
 21958 | D:12     | Killed Rupert
 22209 | D:13     | Reached skill level 1 in Evocations
 23417 | D:13     | Reached skill level 15 in Shapeshifting
 23437 | D:14     | Found a gate to the Vaults.
 24117 | D:14     | Noticed Agnes
 24128 | D:14     | Killed Agnes
 24578 | D:15     | Entered Level 15 of the Dungeon
 24817 | D:15     | Got the Precepts of Putrid Bewitchment
 25151 | D:15     | Found a runed translucent gate.
 25151 | D:15     | Found a runed translucent gate.
 25152 | D:15     | Found a runed translucent gate.
 25452 | D:15     | Found a staircase to the Depths.
 25452 | D:15     | Noticed a fire giant
 25730 | D:15     | Found Daexez's Antique Weapon Emporium.
 26540 | Orc:1    | Entered Level 1 of the Orcish Mines
 26606 | Orc:1    | Found a dark tunnel.
 26611 | Volcano  | Entered a volcano
 26959 | Orc:2    | Entered Level 2 of the Orcish Mines
 27092 | Orc:2    | Found Heas Pef's Jewellery Shoppe.
 27156 | Orc:2    | Reached XP level 15. HP: 87/116 MP: 18/18
 27457 | Orc:2    | Noticed Blork the orc
 27481 | Orc:2    | Killed Blork the orc
 27711 | Orc:2    | Found Tiniompo's Book Shop.
 27725 | Orc:2    | Found Deahotaw's Antique Weapon Shop.
 27726 | Orc:2    | Found a staircase to the Elven Halls.
 27803 | Orc:2    | Found Ydghateerr's General Store.
 27809 | Orc:2    | Bought a scroll of teleportation for 45 gold pieces
 28015 | Orc:2    | Found Poaggutu's Antique Armour Shop.
 28165 | Orc:1    | Found Vox Nete's Antique Weapon Shop.
 28602 | Spider:1 | Entered Level 1 of the Spider Nest
 29031 | Spider:1 | Noticed Roxanne
 29668 | Spider:1 | Noticed Nikola
 29723 | Spider:1 | Killed Nikola
 32414 | Spider:3 | Reached XP level 16. HP: 102/134 MP: 19/19
 32862 | Spider:4 | Entered Level 4 of the Spider Nest
 34430 | Spider:4 | Got a gossamer rune of Zot
 35123 | Shoals:1 | Entered Level 1 of the Shoals
 35578 | Shoals:1 | Found Xeqakhokk's Magic Scroll Shoppe.
 35586 | Shoals:1 | Bought a scroll of blinking for 97 gold pieces
 35586 | Shoals:1 | Bought a scroll of blinking for 97 gold pieces
 35586 | Shoals:1 | Bought a scroll of blinking for 97 gold pieces
 35586 | Shoals:1 | Bought a scroll of acquirement for 676 gold pieces
 35586 | Shoals:1 | Acquired a manual of Shapeshifting
 35605 | Shoals:1 | Found a runed translucent door.
 35990 | Shoals:1 | Found a one-way gate to the infinite horrors of the Abyss.
 36176 | Shoals:2 | Found Deghept's General Store.
 36186 | Shoals:2 | Bought a scroll of teleportation for 45 gold pieces
 36248 | Shoals:2 | Noticed Polyphemus
 36259 | Shoals:2 | Reached XP level 17. HP: 111/140 MP: 15/20
 36260 | Shoals:2 | Killed Polyphemus
 37152 | Shoals:3 | Noticed Mlioglotl
 37161 | Shoals:3 | Killed Mlioglotl
 37581 | Shoals:3 | Acquired a manual of Dodging
 37811 | Shoals:4 | Entered Level 4 of the Shoals
 38569 | Shoals:4 | Got a barnacled rune of Zot
 38598 | Shoals:4 | Found Heheevit's Book Emporium.
 39472 | Vaults:1 | Entered Level 1 of the Vaults
 39902 | Vaults:1 | Noticed Saint Roka
 39912 | Vaults:1 | Killed Saint Roka
 40055 | Vaults:1 | Reached XP level 18. HP: 149/154 MP: 21/21
 40122 | Vaults:1 | Found Kecasyne's Book Boutique.
 40557 | Vaults:2 | Noticed Donald
 40566 | Vaults:2 | Killed Donald
 41524 | Vaults:3 | Found a flickering gateway to a bazaar.
 41559 | Bazaar   | Entered a bazaar
 41559 | Bazaar   | Found Jamuap's Antique Armour Emporium.
 41573 | Bazaar   | Found Duexeogh's General Store.
 41581 | Bazaar   | Bought a potion of resistance for 160 gold pieces
 41593 | Bazaar   | Found Tyudiyru's Antique Weapon Emporium.
 41604 | Bazaar   | Found Egyirum's Distillery.
 41612 | Bazaar   | Bought a potion of mutation for 96 gold pieces
 41612 | Bazaar   | Bought a potion of heal wounds for 60 gold pieces
 41612 | Bazaar   | Bought a potion of might for 48 gold pieces
 41612 | Bazaar   | Found Kostuv's Book Shop.
 41709 | Vaults:3 | Identified the +1 pair of gloves "Vyk Renk" {rN+}
 41742 | Vaults:3 | Found a staircase to the Crypt.
 42016 | Vaults:3 | Paralysed by a great orb of eyes for 3 turns
 42097 | Vaults:3 | Noticed Bai Suzhen
 42111 | Vaults:3 | Noticed an ancient lich
 42111 | Vaults:3 | Killed Bai Suzhen
 42127 | Vaults:3 | Killed an ancient lich
 42133 | Vaults:3 | Reached skill level 15 in Dodging
 43169 | Vaults:4 | Reached XP level 19. HP: 162/166 MP: 20/22
 43756 | Vaults:5 | Entered Level 5 of the Vaults
 43766 | Vaults:5 | Noticed a golden dragon
 43770 | Vaults:5 | Noticed a golden dragon
 44235 | Depths:1 | Entered Level 1 of the Depths
 44235 | Depths:1 | Found a gateway to Hell.
 44322 | Depths:1 | Found a magical portal.
 44333 | WizLab   | Entered Alistair's Party Mansion
 44346 | WizLab   | Reached skill level 15 in Fighting
 44389 | WizLab   | Reached skill level 15 in Unarmed Combat
 44421 | Abyss:3  | Cast into level 3 of the Abyss (a deep elf sorcerer)
 44459 | WizLab   | Escaped the Abyss
 44881 | Depths:1 | Found Haotog's Antique Armour Shop.
 44886 | Depths:1 | Found Magesh's Distillery.
 44891 | Depths:1 | Acquired a manual of Dodging
 44897 | Depths:1 | Bought a potion of heal wounds for 100 gold pieces
 44897 | Depths:1 | Bought a potion of heal wounds for 100 gold pieces
 44897 | Depths:1 | Bought a potion of haste for 200 gold pieces
 45235 | Depths:1 | Got the Lessons on Stony Transmigration
 46081 | Depths:2 | Reached XP level 20. HP: 155/180 MP: 0/24
 46109 | Depths:2 | Found a one-way gate leading to the halls of Pandemonium.
 46752 | Depths:2 | Identified the +6 trident "Anock" {drain, rElec rF++ rC+
                  | Int-5}
 46830 | Depths:2 | Identified the +2 robe of the Sixty-Six Visions {+Blink}
 47059 | Depths:2 | Identified the +0 pair of boots of the Lost Path {rC+
                  | Dex+3}
 47376 | Depths:3 | Paralysed by a floating eye for 2 turns
 47480 | Depths:3 | Found Oseworr's Book Emporium.
 47481 | Depths:3 | Found Esyckobo's Jewellery Shop.
 47482 | Depths:3 | Found Yschuygg's Book Emporium.
 47494 | Depths:3 | Bought the ring "Jipodd" {rF+ Will+ Str+7} for 575 gold
                  | pieces
 48199 | Depths:3 | Found Kulidwun's Firing Range.
 48254 | Depths:3 | Identified the +5 shortbow "Tuxt" {flame, Contam rN+++
                  | Int+6}
 48719 | Depths:4 | Entered Level 4 of the Depths
 48784 | Depths:4 | Found a gate to the Realm of Zot.
 48811 | Depths:4 | Noticed a bone dragon
 48817 | Depths:4 | Killed a bone dragon
 49515 | Depths:4 | Found a one-way gateway to a ziggurat.
 49921 | D:15     | Found a runed translucent gate.
 49921 | D:15     | Found a runed translucent gate.
 49925 | D:15     | Found a runed translucent gate.
 49928 | D:15     | Noticed Koud Lun's ghost (adept DjCj)
 50182 | Vaults:5 | Reached XP level 21. HP: 162/193 MP: 22/25
 50224 | Vaults:5 | Killed a golden dragon
 50236 | Vaults:5 | Noticed an ancient lich
 50244 | Vaults:5 | Noticed a golden dragon
 50254 | Vaults:5 | Killed a golden dragon
 50257 | Vaults:5 | Noticed a dread lich
 50258 | Vaults:5 | Killed a golden dragon
 50266 | Vaults:5 | Found Wiofiops's Distillery.
 50275 | Vaults:5 | Noticed a golden dragon
 50276 | Vaults:5 | Identified the +4 great mace of the Volcano {freeze, rF+
                  | Will+ Stlth+}
 50316 | Vaults:5 | Found Songosesu's Distillery.
 50319 | Vaults:5 | Bought a potion of haste for 140 gold pieces
 50503 | Vaults:5 | Found Qimup's Distillery.
 50507 | Vaults:5 | Killed a golden dragon
 50521 | Vaults:5 | Killed an ancient lich
 50542 | Vaults:5 | Bought a potion of cancellation for 136 gold pieces
 50542 | Vaults:5 | Bought a potion of cancellation for 136 gold pieces
 50542 | Vaults:5 | Bought a potion of haste for 170 gold pieces
 50579 | Vaults:5 | Killed a dread lich
 50944 | Vaults:5 | Found Cupiu's Magic Scroll Boutique.
 50976 | Vaults:5 | Found Yskavergh's Magic Scroll Shoppe.
 50990 | Vaults:5 | Found Categ's Magic Scroll Emporium.
 51000 | Vaults:5 | Noticed a golden dragon
 51004 | Vaults:5 | Killed a golden dragon
 51047 | Vaults:5 | Got a silver rune of Zot
 51189 | Vaults:5 | Bought a scroll of blinking for 127 gold pieces
 51232 | Vaults:5 | Bought a scroll of summoning for 190 gold pieces
 51243 | Vaults:5 | Bought a potion of heal wounds for 110 gold pieces
 51259 | Vaults:5 | Bought a scroll of blinking for 112 gold pieces
 51259 | Vaults:5 | Bought a scroll of blinking for 112 gold pieces
 51337 | Vaults:5 | Identified the +1 scale mail of the Harp {rElec}
 51340 | Vaults:5 | Identified the +0 swamp dragon scales of the Pure Prophets
                  | {rPois Will+}
 51373 | Vaults:5 | Identified the ring "Wirodef" {rElec rC+}
 52156 | Zot:1    | Entered Level 1 of the Realm of Zot
 52284 | Zot:1    | Noticed a golden dragon
 52292 | Zot:1    | Killed a golden dragon
 52364 | Zot:1    | Found the +4 dragonskin cloak
 52364 | Zot:1    | Noticed Tiamat
 52668 | Zot:1    | Killed Tiamat
 52892 | Zot:1    | Reached XP level 22. HP: 207/207 MP: 26/26
 54003 | Zot:2    | Got Ijuid's Codex of Combat Magic
 55061 | Zot:3    | Noticed Vv
 55087 | Zot:3    | Killed Vv
 55645 | Zot:3    | Noticed Parghit
 55652 | Zot:3    | Killed Parghit
 56114 | Zot:4    | Noticed an orb of fire
 56126 | Zot:4    | Killed an orb of fire
 56281 | Zot:4    | Reached XP level 23. HP: 215/221 MP: 25/27
 56650 | Zot:5    | Entered Level 5 of the Realm of Zot
 56662 | Zot:5    | Identified the +1 ring mail "Nixom" {rC+}
 57209 | Zot:5    | Noticed a dread lich
 57222 | Zot:5    | Killed a dread lich
 57230 | Zot:5    | Noticed an orb of fire
 57231 | Zot:5    | Noticed a Killer Klown
 57232 | Zot:5    | Noticed a dread lich
 57234 | Zot:5    | Killed an orb of fire
 57237 | Zot:5    | Killed a dread lich
 57262 | Zot:5    | Killed a Killer Klown
 57298 | Zot:5    | Noticed a Killer Klown
 57299 | Zot:5    | Noticed a Killer Klown
 57305 | Zot:5    | Noticed an orb of fire
 57317 | Zot:5    | Killed an orb of fire
 57318 | Zot:5    | Noticed an orb of fire
 57319 | Zot:5    | Killed a Killer Klown
 57323 | Zot:5    | Noticed a Killer Klown
 57325 | Zot:5    | Killed an orb of fire
 57325 | Zot:5    | Killed a Killer Klown
 57326 | Zot:5    | Killed a Killer Klown
 57335 | Zot:5    | Noticed an ancient lich
 57648 | Zot:5    | Noticed a dread lich
 57651 | Zot:5    | Killed a dread lich
 57698 | Zot:5    | Killed an ancient lich
 58195 | Zot:5    | Identified the ring "Tiphum" {rPois rN+ Will+ Int-2 Dex+6}
 58204 | Zot:5    | Identified the amulet of the Salmon {Spirit Fly rCorr
                  | Int-3}
 58377 | Zot:5    | Got the Orb of Zot
 58650 | Depths:1 | Noticed a seraph
 58847 | D:8      | Noticed Geuc the pandemonium lord
 58856 | D:8      | Killed Geuc the pandemonium lord
 58979 | D:1      | gg
 58979 | D:1      | 133 base damage
 58980 | D:$      | Escaped with the Orb!

Illustrated notes #_# ##.PPPPPPPPP..PPPP# ##.###..PPPPPPPPP.PPPPP#

##...##..PPPPP.....PPPPP#
#...P.#..PPP..PPPPP..PPP###
#.....#..PP..PP...PPP.PP..#
#.....#..PP.PP.PPP.PP.PP.>#
#..PP.#....PP.PP.PP.PP.P..#
###'###..P.P.PP.P.PP.P.P..#
#.....#PvP.P.PPP.P.P....#
#######P.P.PP.P.PP.P.P#..


#P.PP.PP.PP.PP.P### #P..PP.PPP.PP.PP# #...PPP...PPP.PP# ##..P..PPPPP..PPP#
###.PPPPP)....PPPPP# #...PPPPPPPPPPPPPPP# #.#.PPPPPPPPPPPPPPP# Turn 58979 on
D:1: gg

Levels and vault maps discovered:
D:1:      roderic_crop_circles_arrival_small, layout_rooms,
          shapermc_ecumenical_altar_flowoftime
D:2:      layout_basic, uniq_sigmund
D:3:      layout_basic, uniq_jessica
D:4:      layout_layer_cave, hangedman_decor_opposing, minmay_statues_item,
          roderic_serpentine_path, nicolae_elevator_lobby_plus
D:5:      layout_loops_ring, serial_bayou_pond_a, chequers_mini_garden,
          hangedman_abyss_or_decor_stabs, uniq_eustachio
D:6:      layout_gridville, chequers_temple_overflow_statue_of_worship,
          gammafunk_ghost_smash, nicolae_shop_i_like_small_books_too,
          minmay_checkerbox
D:7:      black_bear_nest_2, layout_layer_cave, temple_fountains,
          hangedman_abyss_or_decor_lesser_grid, kennysheep_doodads,
          nicolae_specific_store, uniq_crazy_yiuf_cottage
D:8:      layout_loops_ring, nicolae_qazlal_eye_of_the_storm,
          dpeg_lair_monsters, serial_shops, nicolae_shop_real_fake_doors,
          nicolae_shop_back_alley_shop, shop, nicolae_shop_hallway_stairs, shop,
          corexii_checkpoint_a, uniq_maggie, uniq_grum
D:9:      layout_roguey, serial_shops, nicolae_shop_behind_doors, uniq_erolcha,
          uniq_pikel, uniq_maurice
D:10:     layout_cave_pools, uniq_erica
D:11:     layout_roguey, orc_0_dummy, gauntlet_entry_generic,
          nemelex_diamond_rough_becter, uniq_harold
D:12:     layout_cave_pools, minmay_crystal_box, uniq_rupert
D:13:     layout_rooms, serial_corexii_hall, corexii_hall_statues_x,
          corexii_hall_statues_x, corexii_hall_statues_l, minmay_circle_x
D:14:     layout_long_grid, david_vaults_2, nicolae_ashenzari_skybound,
          uniq_agnes
D:15:     grunt_enter_depths_giant_problem, layout_basic, good_gods_temple_1,
          ploomutoo_gammafunk_ghost_potion_laboratory, serial_undead,
          serial_undead_e, serial_undead_e, serial_undead_a, serial_undead_a,
          serial_undead_e, serial_undead_c, serial_undead_f, serial_shops, shop,
          lemuel_flamethrower_3
Lair:1:   layout_misc_corridors, serial_bayou_shore_a
Lair:2:   minmay_guarded_unrand_snakebite, layout_cave_pods, roderic_batcave,
          chequers_serial_rivers_small_a, wad_woods_road_03,
          chequers_serial_rivers_large_a, infiniplex_staircase_pool
Lair:3:   dreamdust_isle_of_ice, layout_small_grid, elwin_shoals_entry_stream,
          spider_nest_entry_rubble, patterned_corridor, grunt_megastairs_1
Lair:4:   layout_misc_corridors, uniq_nessos
Lair:5:   evilmike_catoblepas_cave, layout_loops_ring, slime_entry_1,
          st_stairs_9, grunt_forest_large_clearing_hut
Shoals:1: layout_shoals, serial_shops, shop_scrolls,
          nicolae_shoals_abyss_on_the_beach
Shoals:2: layout_shoals, serial_shops, shop, nicolae_shoals_dead_sea_scrolls,
          uniq_polyphemus
Shoals:3: cheibrodos_shoals_baths, layout_shoals, uniq_mlioglotl
Shoals:4: shoals_end_hangedman, layout_shoals, serial_shops,
          nicolae_book_shop_shelving
Spider:1: layout_chambers, hangedman_spider_tarantella_strand, uniq_nikola,
          uniq_roxanne
Spider:2: layout_chambers, nicolae_spider_twisty_arc_passages,
          nicolae_spider_cling_halls
Spider:3: layout_chambers
Spider:4: hellmonk_spider_rune_bug_friends, nicolae_spider_eight_legs
Orc:1:    layout_caves, nicolae_volcano_entry_s_turn, serial_shops, shop
Orc:2:    grunt_orc_cross, layout_caves, basic_altar, serial_shops,
          nicolae_shop_gaudy_bauble
Vaults:1: grunt_vaults_diagonal, vaults_room_mumra_shop_pool, v_misc_28,
          nicolae_vaults_rhombus_6, nicolae_vaults_weapon_check,
          layout_vaults_big_room, uniq_saint_roka
Vaults:2: nicolae_vaults_double_plus_2, v_alt_pattern_1,
          hangedman_vaults_corner_blocks, nicolae_vaults_apartment_1,
          grunt_vaults_bifocal, ontoclasm_vaults_eye, hangedman_vaults_capsules,
          nicolae_vaults_little_squares_4, nicolae_vaults_turnstiles,
          nicolae_vaults_alarming, nicolae_vaults_stepped_doors, v_misc_18,
          vaults_dpeg_encased_lava, ontoclasm_vaults_ring_small,
          layout_vaults_omnicross, uniq_donald
Vaults:3: nicolae_vaults_puzzle_piece, hangedman_vaults_impose, v_misc_10,
          vaults_dpeg_diagonal, nicolae_vaults_murderbox,
          hangedman_vaults_snaps, minmay_crypt_entry_simple_round,
          nicolae_vaults_tetromino_T_1, nicolae_vaults_network_quinsquares
          [nicolae_vaults_network_quincunx_subvault,
          nicolae_vaults_network_quincunx_subvault,
          nicolae_vaults_network_quincunx_subvault,
          nicolae_vaults_network_quincunx_subvault], nicolae_vaults_trapezoid_4,
          nicolae_vaults_double_plus_1, layout_vaults_omnigrid, serial_shops,
          bzr_entry_dummy, uniq_bai_suzhen
Vaults:4: nicolae_vaults_trapezoid_lopsided_3,
          nicolae_vaults_stairing_the_circle, v_misc_16,
          nicolae_vaults_more_shelving_2, nicolae_vaults_offset_grid_hallway_3,
          nicolae_vaults_double_plus_2, v_misc_14, v_misc_19,
          ontoclasm_vaults_shout, ontoclasm_vaults_fault,
          ontoclasm_vaults_ring_large, layout_vaults_maze_snakey
Vaults:5: serial_shops
Depths:1: layout_forbidden_donut, tso_altar, infiniplex_enter_wizlab_glasses,
          hell_entry, st_stairs_3, kennysheep_generic_room_10, minmay_shop_star
Depths:2: hangedman_crystal_crosses_colossus [crystal_crosses_arms_four,
          crystal_crosses_arms_two, crystal_crosses_arms_two,
          crystal_crosses_arms_one], hell_entry, pan_entry
Depths:3: nicolae_terramorphic_expanse [nicolae_terramorphic_quarter,
          nicolae_terramorphic_quarter, nicolae_terramorphic_quarter,
          nicolae_terramorphic_quarter, nicolae_terramorphic_quarter,
          nicolae_terramorphic_biome, nicolae_terramorphic_biome,
          nicolae_terramorphic_biome, nicolae_terramorphic_biome],
          layout_gridlike, minmay_room_of_horrors, hell_entry,
          nicolae_shop_firing_range, minmay_shop_grove
Depths:4: grunt_zot_entry_bicorn, layout_long_grid, enter_ziggurat_a,
          hangedman_geh_valley, nicolae_vehumet_altar_sigil, minmay_misc_feat_x
Zot:1:    layout_gridlike, zot_minivault_5, grunt_megastairs_4, uniq_tiamat
Zot:2:    layout_basic, st_single_dragon_hoard_3
Zot:3:    layout_gridville, grunt_megastairs_5, uniq_vv, uniq_parghit
Zot:4:    lemuel_firehouse, layout_concentric_octagons
Zot:5:    layout_twisted_circle, kennysheep_underground_church

Skill      XL: |  1  2  3  4  5  6  7  8  9 10 11 12 13 14 15 16 17 18 19 20 21 22 23 |
---------------+----------------------------------------------------------------------+-----
Fighting       | 1 3 4 5 6 7 9 10 12 13 15 17 19 21 23 | 23.0
Unarmed Combat | 3 4 5 6 8 9 10 11 13 15 17 19 21 23 | 23.0
Shapeshifting  | 3 6 9 10 11 14 16 18 20 21 22 | 22.1
Dodging        | 4 7 10 12 15 | 15.0
Evocations     | 4 |  4.0

Action                     |  1- 3 |  4- 6 |  7- 9 | 10-12 | 13-15 | 16-18 | 19-21 | 22-24 || total
---------------------------+-------+-------+-------+-------+-------+-------+-------+-------++-------
  Melee: Unarmed           |   111 |   142 |   317 |   501 |  1040 |   982 |   872 |   542 ||  4507
         Punch             |     1 |     9 |    16 |       |    17 |    91 |    95 |    76 ||   305
         Constrict         |       |       |     7 |   124 |   161 |       |       |       ||   292
Ability: Begin Untransform |       |       |       |       |     1 |       |       |       ||     1
         Blinkbolt         |       |       |       |       |     1 |     7 |     4 |     2 ||    14
  Evoke: Wand              |       |     3 |       |     4 |     3 |     5 |       |       ||    15
         Condenser vane    |       |       |       |       |     1 |       |     1 |       ||     2
    Use: Scroll            |     2 |     1 |     6 |    16 |    10 |     6 |    11 |     3 ||    55
         Potion            |       |       |     1 |     7 |     6 |       |    14 |    13 ||    41
   Stab: Distracted        |       |     1 |       |       |     1 |     3 |       |     2 ||     7
         Sleeping          |       |       |       |     7 |     4 |     1 |       |       ||    12
         Held in net/web   |       |       |       |     1 |       |       |       |       ||     1
         Confused          |       |       |       |       |     1 |       |     1 |       ||     2
 Armour: Ring mail         |    27 |    30 |       |       |       |       |       |       ||    57
         Animal skin       |     2 |       |       |       |       |       |       |       ||     2
         Plate armour      |       |    51 |   157 |       |       |       |       |       ||   208
         Skin              |       |       |     4 |   182 |   282 |   130 |   100 |    44 ||   742
  Dodge: Dodged            |    56 |    57 |   111 |   324 |   780 |  1460 |  1021 |   603 ||  4412
  Block: Other             |       |       |    51 |   101 |   185 |       |       |       ||   337
         Reflection        |       |       |     4 |     3 |     6 |       |       |       ||    13
   Form: Anaconda          |       |       |     1 |       |     2 |       |       |       ||     3
         Storm             |       |       |       |       |     2 |       |       |       ||     2
         Maw               |       |       |       |       |     1 |       |       |       ||     1

Table legend: (Time is in decaauts)
 A = Elapsed time spent in this place.
 B = Non-inter-level travel time spent in this place.
 C = Inter-level travel time spent in this place.
 D = Time resting spent in this place.
 E = Time spent auto-exploring this place.
 F = Levels seen in this place.
 G = Mean time per level.
                   A        B        C        D        E       F      G
               +--------+--------+--------+--------+--------+-----+--------+
         Total |  57999 |  54382 |   3617 |  16381 |  27174 |  49 | 1183.7 |
       Dungeon |  17732 |  16378 |   1354 |   5076 |   8253 |  15 | 1182.1 |
          Lair |   8443 |   8128 |    315 |   3351 |   3395 |   5 | 1688.6 |
        Shoals |   4092 |   3949 |    143 |    917 |   2186 |   4 | 1023.0 |
   Spider Nest |   6407 |   6126 |    281 |   1927 |   3040 |   4 | 1601.8 |
  Orcish Mines |   1686 |   1524 |    162 |    369 |    790 |   2 |  843.0 |
        Vaults |   6395 |   5735 |    660 |   1006 |   3542 |   5 | 1279.0 |
        Depths |   5538 |   5138 |    400 |   1659 |   2555 |   4 | 1384.5 |
           Zot |   5866 |   5568 |    298 |   1522 |   2905 |   5 | 1173.2 |
         Abyss |     37 |     37 |      0 |      0 |      0 |   1 |   37.0 |
        Bazaar |     73 |     73 |      0 |      0 |     57 |   1 |   73.0 |
       Volcano |    208 |    208 |      0 |      0 |     79 |   1 |  208.0 |
        Wizlab |    433 |    433 |      0 |      4 |    102 |   1 |  433.0 |
      Gauntlet |   1082 |   1082 |      0 |    549 |    268 |   1 | 1082.0 |
               +--------+--------+--------+--------+--------+-----+--------+

Top non-repeatable levels by time:
  Lair:3: 2267 daAuts
  Lair:5: 2142 daAuts
Spider:3: 2133 daAuts
    D:15: 1868 daAuts
     D:7: 1852 daAuts
  Lair:2: 1696 daAuts
   Zot:5: 1668 daAuts
Spider:2: 1647 daAuts
Vaults:5: 1619 daAuts
Depths:2: 1572 daAuts
Vaults:2: 1562 daAuts
Depths:3: 1535 daAuts
    D:14: 1489 daAuts
Vaults:3: 1476 daAuts
Spider:1: 1409 daAuts
